 Dungeon Crawl Stone Soup version 0.25-a0-731-g0472a16d6a (webtiles) character file.

Game seed: 8689913023256037892, levelgen mode: deterministic

32 kae the Ruffian (level 3, -3/28 HPs)
             Began as a Draconian Transmuter on Apr 8, 2020.
             Slain by a worm (7 damage)
             ... on level 2 of the Dungeon.
             The game lasted 00:00:49 (1002 turns).

kae the Ruffian (Draconian Transmuter)              Turns: 1002, Time: 00:00:50

Health: -3/28      AC:  2    Str: 13    XL:     3   Next: 8%
Magic:  4/6        EV: 19    Int: 13    God:
Gold:   71         SH:  0    Dex: 16    Spells: 0/6 levels left

rFire    . . .     SeeInvis .     - Unarmed
rCold    . . .     Gourm    .   (shield currently unavailable)
rNeg     . . .     Faith    .   (armour unavailable)
rPois    x         Spirit   .   (helmet currently unavailable)
rElec    .         Reflect  .   (cloak currently unavailable)
rCorr    .         Harm     .   (gloves currently unavailable)
MR       .....                  (boots currently unavailable)
Stlth    +.........             (no amulet)
HPRegen  0.09/turn              (no ring)
MPRegen  0.10/turn              (no ring)

@: spider-form (expiring)
A: tiny, unfitting armour, AC +5
a: End Transformation


You were on level 2 of the Dungeon.
You were hungry.
You were a venomous arachnid creature.
You visited 1 branch of the dungeon, and saw 2 of its levels.

You collected 71 gold pieces.

Inventory:

Missiles
 a - 21 arrows
Scrolls
 f - a scroll of amnesia {unknown}
 h - a scroll of fog {unknown}
Potions
 b - 2 potions of curing
 d - a potion of cancellation
 e - 2 potions of degeneration
 g - a potion of ambrosia {unknown}
Comestibles
 c - a ration


   Skills:
 - Level 1.1 Fighting
 - Level 1.7 Dodging
 * Level 3.7 Unarmed Combat
 + Level 2.3 Spellcasting
 + Level 2.4 Transmutations


You couldn't memorise any spells.
You knew the following spells:

 Your Spells              Type           Power        Failure   Level  Hunger
a - Beastly Appendage     Tmut           #.....       22%         1    #......
b - Sticks to Snakes      Tmut           #.......     32%         2    ###....
c - Spider Form           Tmut/Pois      #.........   63%         3    ###....

Your spell library contained the following spells:

 Spells                   Type           Power        Failure   Level  Hunger
 Ice Form                 Ice/Tmut       #.......     94%         4    #####..
 Blade Hands              Tmut           #.........   98%         5    ######.


Dungeon Overview and Level Annotations

Branches:
Dungeon (2/15)

Altars:
Nemelex Xobeh


Innate Abilities, Weirdness & Mutations

((Your plain brown scales are hard. (AC +5)))
You cannot fit into any form of body armour.
((You are cold-blooded and may be slowed by cold attacks.))


Message History

The worm is moderately wounded.
The worm bites you.
You are too injured to fight recklessly!
You are too injured to fight recklessly!
You are too injured to fight recklessly!
You are too injured to fight recklessly!
You hit the worm.
The worm is moderately wounded.
You hit the worm.
The worm is moderately wounded.
The worm bites you.
* * * LOW HITPOINT WARNING * * *
The frilled lizard bites you.
* * * LOW HITPOINT WARNING * * *
You hit the worm.
The worm looks even sicker.
The worm is severely wounded.
You hit the worm.
The worm looks as sick as possible!
The worm is severely wounded.
The frilled lizard closely misses you. The worm bites you!
You die...

#...........)###(##
####.#......## ##.#
### #.#._...## ##)
...#####.#......##
##.#
#...............###.##
.
#..####.#.#####..#....
... ...
#.#.......#.####
.....#l##.#######.###
......ws$.# #.#
......>...# #.#
..#.##...## #...# #
#...# #...# # #...#
#...# . #...# #...# #
..... ..s... ......
....... .w.......


You could see a worm and a frilled lizard.

Vanquished Creatures
  3 leopard geckos (D:1)
  5 goblins
  3 hobgoblins
  A jackal (D:2)
  A quokka (D:2)
  2 bats (D:1)
  3 frilled lizards (D:1)
  6 kobolds
  2 rats (D:1)
26 creatures vanquished.

Notes
Turn   | Place    | Note
-------+----------+-------------------------------------------
     0 | D:1      | kae the Draconian Transmuter began the quest for the Orb.
     0 | D:1      | Reached XP level 1. HP: 16/16 MP: 3/3
    84 | D:1      | Reached XP level 2. HP: 8/23 MP: 3/5
   918 | D:2      | Found a sparkling altar of Nemelex Xobeh.
   929 | D:2      | Reached XP level 3. HP: 20/28 MP: 4/6
   965 | D:2      | Learned a level 2 spell: Sticks to Snakes
   981 | D:2      | Learned a level 3 spell: Spider Form
  1002 | D:2      | Slain by a worm

Levels and vault maps discovered:
D:1:      saegor_arrival_miasma, layout_basic
D:2:      layout_loops_cross, overflow_temple_1_default,
          nicolae_ru_sacrificial_ziggurat

Action                   || total
-------------------------++-------
Melee: Unarmed           ||    98
       Tailslap          ||     8
       Kick              ||     4
       Headbutt          ||     6
 Cast: Beastly Appendage ||    10
       Spider Form       ||     1
  Use: Scroll            ||     3
 Stab: Sleeping          ||     1
Armor: Skin              ||    17
Dodge: Dodged            ||    56

Table legend:
 A = Non-vault XP
 B = Vault XP
 C = Vault XP percentage of total XP
 D = Non-vault monster count
 E = Vault monster count
 F = Vault count percentage of total count
                 A         B        C        D         E       F
            +---------+---------+-------+---------+---------+-------
      Total |      46 |       0 |   0.0 |      26 |       0 |   0.0
            +---------+---------+-------+---------+---------+-------
        D:1 |      29 |       0 |   0.0 |      17 |       0 |   0.0
        D:2 |      17 |       0 |   0.0 |       9 |       0 |   0.0
            +---------+---------+-------+---------+---------+-------
